 Dungeon Crawl Stone Soup version 0.23.2-1-ga50397a6bc (webtiles) character file.

Game seed: 7560975252191595326

88213 FluffierThanThou the Severer (level 15, 0/138 HPs)
             Began as a Minotaur Fighter on May 21, 2019.
             Was a High Priest of Okawaru.
             Killed from afar by an electric eel (8 damage)
             ... with a bolt of electricity
             ... on level 14 of the Dungeon.
             The game lasted 01:02:53 (17919 turns).

FluffierThanThou the Severer (Minotaur Fighter)    Turns: 17919, Time: 01:02:54

Health: 0/138      AC: 34    Str: 25    XL:     15   Next: 45%
Magic:  21/23      EV: 11    Int:  5    God:    Okawaru [*****.]
Gold:   2292       SH: 16    Dex: 18    Spells: 14/14 levels left

rFire    . . .     SeeInvis +   n - +7 hand axe of Havoc {vamp, rN+ SInv Stlth+}
rCold    . . .     Gourm    .   c - +0 shield
rNeg     + . .     Faith    +   Q - +5 plate armour of Seohi {Slay+5}
rPois    .         Spirit   .   R - +2 hat
rElec    .         Reflect  .   H - +1 cloak {MR+}
rCorr    .         Harm     .   m - +0 pair of gloves
MR       ++...                  L - +2 pair of boots
Stlth    ..........             g - amulet of faith
HPRegen  0.33/turn              K - ring of see invisible
MPRegen  0.18/turn              s - +6 ring of dexterity

@: heroism, flying, hasted, very quick
A: retaliatory headbutt, horns 2
a: Heroism, Finesse, Renounce Religion


You were on level 14 of the Dungeon.
You worshipped Okawaru.
Okawaru was extremely pleased with you.
You were not hungry.

You visited 4 branches of the dungeon, and saw 21 of its levels.
You also visited: Bailey, Gauntlet, Ice Cave and Volcano.

You collected 2577 gold pieces.
You spent 285 gold pieces at shops.

Inventory:

Hand Weapons
 n - the +7 hand axe of Havoc (weapon) {vamp, rN+ SInv Stlth+}
   (Okawaru gifted it to you on level 6 of the Lair of Beasts)

   It inflicts no extra harm, but heals its wielder when it wounds a living foe.
   It protects you from negative energy.
   It lets you see invisible.
   It makes you more stealthy.
Armour
 c - a +0 shield (worn)
 m - a +0 pair of gloves (worn)
 H - a +1 cloak of magic resistance (worn)
 L - a +2 pair of boots (worn)
 Q - the +5 plate armour of Seohi (worn) {Slay+5}
   (You found it on level 2 of the Lair of Beasts)

   It affects your accuracy and damage with ranged weapons and melee attacks
   (+5).
 R - a +2 hat (worn)
Jewellery
 g - an amulet of faith (around neck)
 s - a +6 ring of dexterity (right hand)
 K - a ring of see invisible (left hand)
 O - an uncursed ring of flight
 Y - an uncursed ring of resist corrosion
Wands
 d - a wand of flame (38)
 i - a wand of random effects (12)
 z - a wand of iceblast (18)
 B - a wand of acid (7)
 D - a wand of polymorph (12)
 E - a wand of enslavement (6)
 J - a wand of disintegration (31)
 X - a wand of digging (2)
Scrolls
 h - 5 scrolls of immolation
 j - 5 scrolls of teleportation
 l - 7 scrolls of magic mapping
 q - 3 scrolls of enchant armour
 r - 4 scrolls of fog
 t - 2 scrolls of fear
 v - 4 scrolls of blinking
 w - 12 scrolls of remove curse
 y - a scroll of holy word
 F - a scroll of enchant weapon
 I - 3 scrolls of silence
 N - 2 scrolls of vulnerability
 T - 2 scrolls of random uselessness
 Z - a scroll of acquirement {unknown}
Potions
 a - a potion of might
 e - 5 potions of curing
 k - 4 potions of lignification {unknown}
 o - 2 potions of resistance
 p - a potion of ambrosia {unknown}
 u - a potion of berserk rage {unknown}
 x - 3 potions of flight
 C - 2 potions of heal wounds {unknown}
 G - 2 potions of mutation {unknown}
 P - a potion of brilliance {unknown}
 S - a potion of haste
 U - a potion of cancellation {unknown}
 W - 2 potions of agility {unknown}
Comestibles
 f - 49 rations


   Skills:
 + Level 14.1(19.1) Fighting
 - Level 16.0(21.0) Axes
 + Level 14.2(19.2) Armour
 + Level 14.2(19.2) Shields
 * Level 12.2 Invocations
 + Level 4.6 Evocations


You had 14 spell levels left.
You didn't know any spells.
Your spell library contained the following spells:

 Spells                   Type           Power        Failure   Level  Hunger
 Animate Skeleton         Necr           N/A          96%         1    ##.....
 Apportation              Tloc           #.....       96%         1    ##.....
 Confusing Touch          Hex            #.....       96%         1    ##.....
 Freeze                   Ice            #...         96%         1    ##.....
 Infusion                 Chrm           #...         96%         1    ##.....
 Magic Dart               Conj           #...         96%         1    ##.....
 Shock                    Conj/Air       #...         96%         1    ##.....
 Sting                    Conj/Pois      #...         96%         1    ##.....
 Summon Small Mammal      Summ           #...         96%         1    ##.....
 Blink                    Tloc           N/A          99%         2    ###....
 Call Imp                 Summ           #.......     99%         2    ###....
 Passwall                 Tmut/Erth      #.......     99%         2    ###....
 Poisonous Vapours        Pois/Air       #.....       99%         2    ###....
 Shroud of Golubria       Chrm/Tloc      #.........   99%         2    ###....
 Slow                     Hex            #.......     99%         2    ###....
 Song of Slaying          Chrm           #.......     99%         2    ###....
 Swiftness                Chrm/Air       #.......     99%         2    ###....
 Call Canine Familiar     Summ           #.......     100%        3    ####...
 Conjure Flame            Conj/Fire      #.......     100%        3    ####...
 Mephitic Cloud           Conj/Pois/Air  #.......     100%        3    ####...
 Regeneration             Chrm/Necr      #.........   100%        3    ####...
 Spectral Weapon          Hex/Chrm       #.......     100%        3    ####...
 Static Discharge         Conj/Air       #.......     100%        3    ####...
 Summon Guardian Golem    Hex/Summ       #.......     100%        3    ####...
 Airstrike                Air            #.........   100%        4    #####..
 Ice Form                 Ice/Tmut       #.......     100%        4    #####..
 Passage of Golubria      Tloc           N/A          100%        4    #####..
 Summon Ice Beast         Ice/Summ       #.......     100%        4    #####..
 Summon Lightning Spire   Summ/Air       #.......     100%        4    #####..
 Lightning Bolt           Conj/Air       #.........   100%        5    ######.
 Metabolic Englaciation   Hex/Ice        #.........   100%        5    ######.
 Silence                  Hex/Air        #.........   100%        5    ######.
 Deflect Missiles         Chrm/Air       #.........   100%        6    #######
 Orb of Destruction       Conj           #.........   100%        7    #######
 Spellforged Servitor     Conj/Summ      #.........   100%        7    #######


Dungeon Overview and Level Annotations

Branches:
Dungeon (14/15)            Temple (1/1) D:4            Lair (6/6) D:8
 Shoals (0/4) Lair:4        Snake (0/4) Lair:2          Orc (2/2) D:10
    Elf (0/3) Orc:2        Vaults (0/5) D:14
  Slime: Lair:5-6

Altars:
Ashenzari
Cheibriados
Dithmenos
Elyvilon
Fedhas
Gozag
Hepliaklqana
Kikubaaqudgha
Makhleb
Nemelex Xobeh
Okawaru
Qazlal
Ru
Sif Muna
Trog
Uskayaw
Vehumet
Wu Jian
Xom
Yredelemnul
Zin
The Shining One
Beogh

Shops:
D:5 =   D:7 [   Orc:2 (%(!

Annotations:
D:2 exclusion: downstairs
Lair:4 exclusion: 2 oklob plants
Lair:6 exclusion: 2 oklob plants


Innate Abilities, Weirdness & Mutations

You reflexively headbutt those who attack you in melee.
You have a pair of horns on your head.


Message History

Your plate armour of Seohi prevents you from hitting the electric eel.
The electric eel shoots out a bolt of lightning at you!
The bolt of electricity hits the electric eel.
The electric eel completely resists.
The bolt of electricity hits you.
* * * LOW HITPOINT WARNING * * *
You feel yourself speed up.
You gain the combat prowess of a mighty hero.
The electric eel shoots out a bolt of lightning at you!
The bolt of electricity hits you!
* * * LOW HITPOINT WARNING * * *
The bolt of electricity hits you!
* * * LOW HITPOINT WARNING * * *
The bolt of electricity hits the electric eel.
The electric eel completely resists.
The electric eel shoots out a bolt of lightning at you!
The bolt of electricity hits the electric eel.
The electric eel completely resists.
The bolt of electricity hits you but does no damage.
The bolt of electricity hits you!
You die...

#≈≈≈≈≈##
##≈≈≈≈##
#≈≈≈≈≈#
#≈≈≈≈≈#
##≈≈≈≈##
#≈≈≈≈≈#
#≈≈≈≈≈##
#≈≈≈≈≈≈#
#.@;≈;≈#
##≈≈≈≈≈≈≈≈
#≈≈≈≈≈≈≈≈
##≈≈≈≈≈≈≈≈
###≈≈≈≈##
#####


You could see 2 electric eels.

Vanquished Creatures
  Rupert (D:14)
  Gastronok (Lair:2)
  Kirke (Lair:5)
  An orc warlord (Orc:2)
  Nessos (Lair:5)
  A minotaur (Gauntlet)
  An ettin (Orc:2)
  Harold (D:10)
  Fannar (Lair:2)
  6 hydras
  An ice dragon (Lair:6)
  2 centaur warriors
  2 two-headed ogres
  A catoblepas (D:14)
  Erica (Lair:2)
  3 death yaks (Lair:3)
  A thrashing horror (Gauntlet)
  Sonja (Orc:1)
  A hell knight (Volcano)
  3 sixfirhies (Gauntlet)
  8 deep elf magi (Bailey)
  10 orc knights
  2 lindwurms (Lair:6)
  2 wolf spiders (Lair:6)
  A deep elf archer (Bailey)
  A manticore (D:14)
  5 ugly things
  8 elephants (Lair:6)
  6 black mambas
  2 molten gargoyles (Volcano)
  A guardian serpent (Lair:6)
  2 gargoyles
  4 torpor snails (Lair:6)
  3 ice statues
  3 yaktaurs (Volcano)
  11 spiny frogs
  3 komodo dragons (Lair:4)
  A queen bee (Lair:4)
  A merfolk (Lair:4)
  A polar bear (Lair:3)
  3 meliai (Lair:4)
  A merfolk (shapeshifter) (D:14)
  6 trolls
  3 tyrant leeches (Lair:6)
  8 hornets (Lair:6)
  Grinder (D:6)
  6 hippogriffs
  10 blink frogs
  A dream sheep (Lair:5)
  26 yaks
  Sigmund (D:3)
  2 redbacks (Lair:6)
  2 water elementals (D:14)
  A shadow (D:14)
  16 humans (D:14)
  12 wyverns
  5 fire bats
  A wraith (D:10)
  2 hogs (Lair:5)
  A basilisk (Lair:5)
  A hungry ghost (D:8)
  Menkaure (D:5)
  12 wargs
  4 nagas (Lair:2)
  8 porcupines
  24 water moccasins
  4 sky beasts
  22 ice beasts
  41 orc warriors
  A black bear (D:10)
  12 ogres
  3 centaurs
  20 wolves
  2 big kobolds
  17 crocodiles
  16 bullfrogs
  4 small abominations (Gauntlet)
  2 wyvern skeletons
  4 scorpions
  21 killer bees (Lair:4)
  10 wights
  4 electric eels
  2 howler monkeys
  3 crimson imps
  2 centaur zombies
  5 hounds
  7 lava snakes (Volcano)
  A jelly (D:10)
  3 quasits
  8 orc priests
  16 orc wizards
  A bullfrog skeleton (D:4)
  A centaur skeleton (D:9)
  4 iguanas
  Ijyb (D:3)
  2 worker ants
  2 hound zombies
  A hound skeleton (D:9)
  15 adders
  7 gnolls
  A shadow imp (D:6)
  An ooze (D:7)
  2 worms
  4 dart slugs
  2 leopard geckos
  84 orcs
  5 bats
  7 giant cockroaches
  9 goblins
  4 hobgoblins
  4 jackals
  10 kobolds
  A quokka (D:5)
  A ball python (D:2)
  4 frilled lizards
  A leopard gecko zombie (D:8)
  2 quokka skeletons
  3 rats
  A butterfly (Lair:4)
  5 fungi (Lair:6)
  11 plants
690 creatures vanquished.

Vanquished Creatures (others)
  An ogre (D:14)
  30 fungi
  36 plants
67 creatures vanquished.

Grand Total: 757 creatures vanquished

Notes
Turn   | Place    | Note
-------+----------+-------------------------------------------
     0 | D:1      | FluffierThanThou the Minotaur Fighter began the quest for
                  | the Orb.
     0 | D:1      | Reached XP level 1. HP: 19/19 MP: 0/0
    87 | D:1      | Reached XP level 2. HP: 24/27 MP: 1/1
   673 | D:2      | Reached skill level 3 in Axes
   673 | D:2      | Reached XP level 3. HP: 29/33 MP: 2/2
   836 | D:2      | Found a hide-covered altar of Uskayaw.
   864 | D:2      | Found a faded altar of an unknown god.
   991 | D:2      | Found a snail-covered altar of Cheibriados.
   999 | D:2      | Reached XP level 4. HP: 37/40 MP: 3/3
  1183 | D:3      | Noticed Sigmund
  1377 | D:3      | Reached skill level 4 in Axes
  1403 | D:3      | Killed Sigmund
  1403 | D:3      | Reached skill level 5 in Axes
  1403 | D:3      | Reached skill level 5 in Shields
  1403 | D:3      | Reached XP level 5. HP: 47/47 MP: 4/4
  1403 | D:3      | Reached XP level 6. HP: 55/55 MP: 5/5
  1485 | D:3      | Noticed Ijyb
  1490 | D:3      | Killed Ijyb
  1490 | D:3      | Reached skill level 5 in Armour
  1645 | D:4      | Found a shimmering altar of Xom.
  1686 | D:4      | Found a shadowy altar of Dithmenos.
  2071 | D:4      | Found a staircase to the Ecumenical Temple.
  2082 | Temple   | Entered the Ecumenical Temple
  2192 | D:4      | You fall through a shaft for 3 floors!
  2192 | D:7      | Noticed a hippogriff
  2202 | D:7      | Killed a hippogriff
  2202 | D:7      | Reached skill level 5 in Fighting
  2202 | D:7      | Reached XP level 7. HP: 14/61 MP: 6/6
  2206 | D:7      | Reached skill level 6 in Axes
  2487 | D:7      | Identified Xugey's Tome of Clay and Blows and Bruises
  2831 | D:6      | Reached skill level 7 in Axes
  2834 | D:5      | Entered Level 5 of the Dungeon
  2839 | D:5      | Reached XP level 8. HP: 52/70 MP: 7/7
  3199 | D:5      | Noticed Menkaure
  3215 | D:5      | Killed Menkaure
  3215 | D:5      | Reached skill level 8 in Axes
  3370 | D:5      | Found an iron altar of Okawaru.
  3373 | D:5      | Became a worshipper of Warmaster Okawaru
  3394 | D:5      | Found a burning altar of Makhleb.
  3405 | D:5      | Found Koato's Jewellery Shop.
  3762 | D:6      | Found a basalt altar of Yredelemnul.
  3775 | D:6      | Identified the Disquisition on the Dislocated Snowflakes
  3998 | D:6      | Reached skill level 9 in Axes
  4289 | D:6      | Noticed Grinder
  4302 | D:6      | Killed Grinder
  4302 | D:6      | Reached * piety under Okawaru
  4302 | D:6      | Reached XP level 9. HP: 78/79 MP: 8/8
  4445 | D:7      | Found a bloodstained altar of Trog.
  4445 | D:7      | Found a shattered altar of Ashenzari.
  4622 | D:7      | Found Caymix's Antique Armour Shop.
  4630 | D:7      | Bought a pair of spiked boots for 285 gold pieces
  4635 | D:7      | Identified the cursed +0 pair of boots "Gujiw" {rElec
                  | Dex+2} (You bought it in a shop on level 7 of the Dungeon)
  4827 | D:8      | Reached ** piety under Okawaru
  4877 | D:8      | Reached skill level 10 in Axes
  4882 | D:8      | Found an ancient bone altar of Kikubaaqudgha.
  4941 | D:8      | Found a flagged portal.
  4960 | Bailey   | Entered a bailey
  4968 | Bailey   | Noticed a deep elf mage
  4982 | Bailey   | Killed a deep elf mage
  4982 | Bailey   | Reached *** piety under Okawaru
  4996 | Bailey   | Noticed a deep elf mage
  4997 | Bailey   | Noticed a deep elf mage
  4997 | Bailey   | Noticed a deep elf mage
  4997 | Bailey   | Noticed a deep elf mage
  4997 | Bailey   | Noticed a deep elf mage
  4999 | Bailey   | Killed a deep elf mage
  5000 | Bailey   | Killed a deep elf mage
  5000 | Bailey   | Reached skill level 11 in Axes
  5000 | Bailey   | Reached XP level 10. HP: 73/90 MP: 9/9
  5007 | Bailey   | Killed a deep elf mage
  5007 | Bailey   | Reached **** piety under Okawaru
  5014 | Bailey   | Killed a deep elf mage
  5017 | Bailey   | Killed a deep elf mage
  5024 | Bailey   | Noticed a deep elf mage
  5049 | Bailey   | Killed a deep elf mage
  5049 | Bailey   | Reached ***** piety under Okawaru
  5333 | Bailey   | Noticed a deep elf archer
  5339 | Bailey   | Killed a deep elf archer
  5339 | Bailey   | Reached skill level 12 in Axes
  5354 | Bailey   | Identified the Tome of Cold and Weightlessness
  5386 | Bailey   | Noticed a deep elf mage
  5392 | Bailey   | Killed a deep elf mage
  5392 | Bailey   | Received a gift from Okawaru
  5395 | Bailey   | Got a smoking ring mail {god gift}
  5406 | Bailey   | Identified the +4 ring mail "Yleconass" {Str-2 Dex+4}
                  | (Okawaru gifted it to you in a bailey)
  5460 | D:8      | Found a staircase to the Lair.
  5626 | D:8      | Reached XP level 11. HP: 66/99 MP: 10/10
  6007 | D:8      | Reached skill level 10 in Shields
  6355 | D:8      | Found a glowing golden altar of the Shining One.
  6502 | D:9      | Noticed a two-headed ogre
  6516 | D:9      | Killed a two-headed ogre
  6516 | D:9      | Reached skill level 10 in Fighting
  6516 | D:9      | Reached skill level 10 in Armour
  6516 | D:9      | Reached skill level 1 in Invocations
  6614 | D:9      | Found a stormy altar of Qazlal.
  6829 | D:9      | Reached skill level 13 in Axes
  7065 | D:10     | Entered Level 10 of the Dungeon
  7123 | D:10     | Noticed a two-headed ogre
  7132 | D:10     | Killed a two-headed ogre
  7300 | D:10     | Found a staircase to the Orcish Mines.
  7347 | D:10     | Received a gift from Okawaru
  7380 | D:10     | Noticed Harold
  7399 | D:10     | Killed Harold
  8229 | Lair:1   | Entered Level 1 of the Lair of Beasts
  8316 | Lair:1   | Noticed an eight-headed hydra
  8388 | Lair:2   | Noticed Gastronok
  8403 | Lair:2   | Noticed Erica
  8419 | Lair:2   | Noticed Fannar
  8795 | D:10     | Got an ichor-stained hand axe {god gift}
  8796 | D:10     | Identified the +0 hand axe of Jozudat {chop, rF+ Dex+3}
                  | (Okawaru gifted it to you on level 10 of the Dungeon)
  8968 | Lair:1   | Killed an eight-headed hydra
  9178 | Lair:1   | Reached skill level 5 in Invocations
  9189 | Lair:1   | Reached XP level 12. HP: 106/108 MP: 14/14
  9327 | Lair:1   | Got a fine chain mail
  9342 | Lair:1   | Identified the +2 chain mail of Articulation {Dex+2} (You
                  | found it on level 1 of the Lair of Beasts)
  9400 | Lair:1   | Received a gift from Okawaru
  9402 | Lair:1   | Reached skill level 14 in Axes
  9758 | Lair:2   | Killed Erica
  9776 | Lair:2   | Killed Fannar
 10286 | Lair:2   | Found a staircase to the Snake Pit.
 10350 | Lair:2   | Killed Gastronok
 10350 | Lair:2   | Received a gift from Okawaru
 10445 | Lair:2   | Got a distressingly furry plate armour
 10456 | Lair:2   | Identified the +5 plate armour of Seohi {Slay+5} (You found
                  | it on level 2 of the Lair of Beasts)
 10792 | Lair:3   | Noticed a death yak
 10792 | Lair:3   | Noticed a death yak
 10792 | Lair:3   | Noticed a death yak
 10799 | Lair:3   | Killed a death yak
 10803 | Lair:3   | Killed a death yak
 10806 | Lair:3   | Killed a death yak
 10815 | Lair:3   | Noticed a four-headed hydra
 10829 | Lair:3   | Killed a four-headed hydra
 10829 | Lair:3   | Reached skill level 15 in Axes
 10911 | Lair:3   | You fall through a shaft for 3 floors!
 10911 | Lair:6   | Entered Level 6 of the Lair of Beasts
 10916 | Lair:6   | Reached XP level 13. HP: 115/116 MP: 17/17
 11030 | Lair:5   | Noticed Nessos
 11046 | Lair:5   | Killed Nessos
 11046 | Lair:5   | Reached ****** piety under Okawaru
 11046 | Lair:5   | Received a gift from Okawaru
 12181 | Lair:6   | Received a gift from Okawaru
 12192 | Lair:6   | Reached skill level 16 in Axes
 12531 | Lair:6   | Received a gift from Okawaru
 12570 | Lair:6   | Got a warped hand axe {god gift}
 12571 | Lair:6   | Identified the +7 hand axe of Havoc {vamp, rN+ SInv Stlth+}
                  | (Okawaru gifted it to you on level 6 of the Lair of Beasts)
 12853 | Lair:6   | Reached XP level 14. HP: 103/127 MP: 20/20
 13010 | Lair:6   | Reached skill level 10 in Invocations
 13062 | Lair:6   | Found a runed translucent door.
 13414 | Lair:5   | Noticed Kirke
 13437 | Lair:5   | Noticed a sphinx
 13437 | Lair:5   | Killed Kirke
 13642 | Lair:4   | Received a gift from Okawaru
 13903 | Lair:4   | Reached skill level 1 in Evocations
 14102 | Lair:4   | Found a staircase to the Shoals.
 14391 | Orc:1    | Entered Level 1 of the Orcish Mines
 14663 | Orc:1    | Found a dark tunnel.
 14702 | Orc:1    | Noticed Sonja
 14738 | Orc:1    | Killed Sonja
 15062 | Orc:2    | Entered Level 2 of the Orcish Mines
 15127 | Volcano  | Entered a volcano
 15458 | Volcano  | Found a bloodstained altar of Trog.
 15649 | Orc:2    | Found a staircase to the Elven Halls.
 15745 | Orc:2    | Received a gift from Okawaru
 15939 | Orc:2    | Found Farefoc's Distillery.
 15970 | Orc:2    | Found Logiyqyl's Weapon Shoppe.
 16002 | Orc:2    | Found a roughly hewn altar of Beogh.
 16022 | Orc:2    | Received a gift from Okawaru
 16065 | Orc:2    | Noticed an orc warlord
 16107 | Orc:2    | Killed an orc warlord
 16282 | Orc:2    | Found Suugimum's Weapon Shoppe.
 16316 | Orc:2    | Found Ucsearih's Food Boutique.
 16782 | D:11     | You fall through a shaft for 3 floors!
 16782 | D:14     | Found a frozen archway.
 16794 | IceCv    | Entered an ice cave
 16802 | IceCv    | Reached XP level 15. HP: 137/137 MP: 14/22
 16808 | IceCv    | Found a transporter.
 16826 | IceCv    | Found a transporter.
 16985 | D:14     | Received a gift from Okawaru
 17032 | D:14     | Found a gate leading to a gauntlet.
 17175 | Gauntlet | Entered a Gauntlet
 17175 | Gauntlet | Found a transporter.
 17182 | Gauntlet | Found a runed translucent door.
 17184 | Gauntlet | Found a transporter.
 17185 | Gauntlet | Found a transporter.
 17188 | Gauntlet | Found a transporter.
 17189 | Gauntlet | Found a transporter.
 17190 | Gauntlet | Found a transporter.
 17198 | Gauntlet | Found a transporter.
 17199 | Gauntlet | Found a transporter.
 17219 | Gauntlet | Found a transporter.
 17227 | Gauntlet | Found a transporter.
 17227 | Gauntlet | Found a transporter.
 17265 | Gauntlet | Found a transporter.
 17298 | Gauntlet | Found a runed translucent door.
 17515 | Gauntlet | Identified the +7 scimitar of Venle {slice, *Contam rElec
                  | Dex+3}
 17515 | Gauntlet | Identified the ring "Nekug" {rC+ MP+9}
 17536 | Gauntlet | Found the +6 Majin-Bo {vamp, Archmagi MP+6 Int+6}
 17583 | D:14     | Noticed Rupert
 17608 | D:14     | Found a gate to the Vaults.
 17619 | D:14     | Killed Rupert
 17919 | D:14     | Killed from afar by an electric eel

Skill      XL: |  1  2  3  4  5  6  7  8  9 10 11 12 13 14 15 |
---------------+----------------------------------------------+-----
Shields        | 4 5 6 7 8 9 10 11 12 13 14 | 14.2
Armour         | 4 5 6 7 8 9 10 11 12 13 14 | 14.2
Axes           | 3 5 7 9 11 12 13 15 16 | 16.0
Fighting       | 4 5 6 7 8 9 10 11 12 13 14 | 14.1
Invocations    | 5 7 9 11 12 | 12.2
Evocations     | 3 4 |  4.6

Action                   |  1- 3 |  4- 6 |  7- 9 | 10-12 | 13-15 || total
-------------------------+-------+-------+-------+-------+-------++-------
Melee: War axe           |    55 |    69 |   163 |   358 |   179 ||   824
       Headbutt          |    11 |    14 |    30 |   124 |   301 ||   480
       Flail             |       |       |       |    11 |    12 ||    23
       Hand axe          |       |       |       |       |   772 ||   772
       Unarmed           |       |       |       |       |    10 ||    10
Invok: Heroism           |       |       |       |    10 |    22 ||    32
       Finesse           |       |       |       |     6 |    10 ||    16
  Use: Scroll            |     4 |     3 |     4 |     4 |    11 ||    26
       Potion            |       |     2 |     3 |       |     6 ||    11
 Stab: Petrified         |       |       |       |       |     3 ||     3
  Eat: Chunk             |       |     3 |    10 |    10 |    12 ||    35
       Ration            |       |       |       |     3 |     4 ||     7
Armor: Scale mail        |     5 |       |       |       |       ||     5
       Plate armour      |    20 |    59 |    94 |    88 |   380 ||   641
       Ring mail         |       |       |       |    30 |       ||    30
       Chain mail        |       |       |       |    44 |       ||    44
Dodge: Dodged            |    12 |    11 |    34 |    83 |   188 ||   328
Block: Shield            |    30 |    40 |    90 |   208 |   587 ||   955
